 Dungeon Crawl Stone Soup version 0.31-a0-1-g4198be8af4 (webtiles) character file.

Game seed: 3103656841516755420

72 Chudface the Shooter (level 4, -2/26 HPs)
             Began as a Kobold Hexslinger on May 1, 2023.
             Slain by Crazy Yiuf
             ... wielding a +3 quarterstaff of chaos
              (10 damage)
             ... on level 2 of the Dungeon.
             The game lasted 00:09:31 (1408 turns).

Chudface the Shooter (Kobold Hexslinger)            Turns: 1408, Time: 00:09:32

Health: -2/26      AC:  2    Str:  7    XL:     4   Next: 48%
Magic:  3/5        EV: 15    Int: 14    God:
Gold:   121        SH:  0    Dex: 17    Spells: 4/5 levels left

rFire   . . .        a - +1 sling
rCold   . . .        (no shield)
rNeg    . . .        m - +0 robe
rPois   .            (no helmet)
rElec   .            (no cloak)
rCorr   .            (no gloves)
SInv    .            (no boots)
Will    .....        (no amulet)
Stlth   +++          (no ring)
HPRegen 0.24/turn    (no ring)
MPRegen 0.09/turn

%: no passive effects
@: no status effects
A: small, no large weapons, nightstalker 3
a: no special abilities


You were on level 2 of the Dungeon.
You visited 1 branch of the dungeon, and saw 3 of its levels.

You collected 121 gold pieces.

Inventory:

Hand Weapons
 a - a +1 sling (weapon)
 b - a +2 mace of venom
 c - a +0 vampiric dagger
Missiles
 f - a throwing net
Armour
 m - a +0 robe (worn)
Scrolls
 j - 2 scrolls of poison
 n - a scroll of enchant armour {unknown}
 o - a scroll of immolation {unknown}
Potions
 d - 2 potions of curing
 e - a potion of flight {unknown}
 g - a potion of degeneration {unknown}
 h - a potion of ambrosia {unknown}
 k - 2 potions of mutation {unknown}
 l - a potion of brilliance {unknown}
 p - 2 potions of heal wounds
 q - a potion of invisibility {unknown}


   Skills:
 + Level 2.0 Fighting
 + Level 3.5 Ranged Weapons
 + Level 3.2 Dodging
 + Level 2.2 Stealth
 - Level 1.1 Spellcasting
 + Level 3.4 Hexes


You had 4 spell levels left.
You knew the following spells:

 Your Spells              Type           Power      Damage    Failure   Level
a - Slow                  Hex            40%        N/A       6%          1

Your spell library contained the following spells:

 Spells                   Type           Power      Damage    Failure   Level
 Scorch                   Fire           0%         2d5       36%         2
 Inner Flame              Hex/Fire       5%         N/A       36%         3
 Portal Projectile        Hex/Tloc       10%        N/A       36%         3
 Cause Fear               Hex            5%         N/A       54%         4
 Frozen Ramparts          Ice            0%         1d1       61%         3
 Animate Armour           Summ/Erth      0%         N/A       95%         4
 Flame Wave               Conj/Fire      0%         2d4       95%         4
 Ice Form                 Ice/Tmut       0%         N/A       95%         4
 Summon Ice Beast         Ice/Summ       0%         N/A       95%         4
 Summon Cactus Giant      Summ           0%         N/A       100%        6
 Spellforged Servitor     Conj/Summ      0%         N/A       100%        7
 Dragon's Call            Summ           0%         N/A       100%        9


Dungeon Overview and Level Annotations

Branches:
Dungeon (3/15)

Altars:

Annotations:
D:2 exclusion: downstairs, Crazy Yiuf


Innate Abilities, Weirdness & Mutations

You are small and have problems with some larger weapons.
You are completely attuned to the shadows.


Message History

Crazy Yiuf is no longer moving slowly.
You see here a +0 hammer.
Casting: Slow (safe; 6% risk of failure)
Confirm with . or Enter, or press ? or * to list all spells.
Aiming: Slow (safe; 6% risk of failure)
Press: ? - help, Shift-Dir - straight line, f/p - Crazy Yiuf
Aim: Crazy Yiuf, wielding a +3 quarterstaff of chaos and wearing a +0 cloak (heavily wounded, chance to affect: 52%) Crazy Yiuf seems to slow down.
You shoot a sling bullet. The sling bullet hits Crazy Yiuf.
Crazy Yiuf is severely wounded.
You shoot a sling bullet.
The sling bullet barely misses Crazy Yiuf.
Crazy Yiuf is no longer moving slowly.
Casting: Slow (safe; 6% risk of failure)
Confirm with . or Enter, or press ? or * to list all spells.
Aiming: Slow (safe; 6% risk of failure)
Press: ? - help, Shift-Dir - straight line, f/p - Crazy Yiuf
Aim: Crazy Yiuf, wielding a +3 quarterstaff of chaos and wearing a +0 cloak (severely wounded, chance to affect: 52%) Crazy Yiuf seems to slow down.
Crazy Yiuf says, "Crazy?
Crazy!?
PORCUPINE!"
Crazy Yiuf is no longer moving slowly.
You shoot a sling bullet. The sling bullet hits Crazy Yiuf.
Crazy Yiuf is severely wounded.
Crazy Yiuf says, "Action!"
You shoot a sling bullet.
The sling bullet hits Crazy Yiuf but does no damage.
Crazy Yiuf is severely wounded.
Crazy Yiuf says, "Rifle stair arm!"
Casting: Slow (safe; 6% risk of failure)
Confirm with . or Enter, or press ? or * to list all spells.
Aiming: Slow (safe; 6% risk of failure)
Press: ? - help, Shift-Dir - straight line, f/p - Crazy Yiuf
Aim: Crazy Yiuf, wielding a +3 quarterstaff of chaos and wearing a +0 cloak (severely wounded, chance to affect: 52%) Crazy Yiuf resists with significant effort.
Crazy Yiuf hits you with a +3 quarterstaff of chaos!
Ouch! That really hurt!
Crazy Yiuf burns you. Crazy Yiuf attacks as you move away!
Crazy Yiuf hits you with a +3 quarterstaff of chaos!
You die...

#.#.###........
.###......####.
..#.###.#.####.
.#.## #[#......
.#.# #.#..###.#.#
##.####.#..## ...
##.......†..# #.#
#######.#...####.#
# #.#.......@# ##
#.#..#####g# .#
#.#..# #.# .#
#.##.#####.# # )#
#..........##.# ##
#####.........#
######.#### #.#
♣♣#### #.#


You could see Crazy Yiuf.

Vanquished Creatures
  2 adders (D:2)
  A dart slug (D:1)
  An orc (D:2)
  4 bats
  2 endoplasms (D:1)
  4 giant cockroaches
  4 hobgoblins
  13 jackals
  2 quokkas
  5 ball pythons
  3 frilled lizards (D:1)
  2 kobolds (D:1)
  2 rats
45 creatures vanquished.

Notes
Turn   | Place    | Note
-------+----------+-------------------------------------------
     0 | D:1      | Chudface the Kobold Hexslinger began the quest for the Orb.
     0 | D:1      | Reached XP level 1. HP: 12/12 MP: 2/2
   177 | D:1      | Reached XP level 2. HP: 11/16 MP: 3/3
   230 | D:1      | Reached skill level 1 in Stealth
   420 | D:1      | Reached XP level 3. HP: 20/20 MP: 4/4
   532 | D:1      | Got the Vademecum on Apparitions
  1122 | D:2      | Reached XP level 4. HP: 26/26 MP: 5/5
  1367 | D:2      | Found a runed translucent door.
  1370 | D:2      | Noticed Crazy Yiuf
  1408 | D:2      | Slain by Crazy Yiuf

Illustrated notes

Levels and vault maps discovered:
D:1:      eino_arrival_water_star, layout_basic, grunt_decor_junction
D:2:      layout_loops_ring, reono_crystal_passage, uniq_crazy_yiuf_cottage
D:3:      layout_rooms, mainiacjoe_overflow_swirl

Skill      XL: |  1  2  3  4 |
---------------+-------------+-----
Stealth        | 1 2 |  2.2
Ranged Weapons | 3 |  3.5
Dodging        | 3 |  3.2
Fighting       | 2 |  2.0
Spellcasting   | |  1.1
Hexes          | |  3.4

Action                     |  1- 3 |  4- 6 || total
---------------------------+-------+-------++-------
  Melee: Mace              |    24 |    20 ||    44
   Fire: Sling             |    84 |    31 ||   115
   Cast: Slow              |     4 |     7 ||    11
    Use: Scroll            |       |     2 ||     2
   Stab: Sleeping          |     2 |       ||     2
 Armour: Robe              |    16 |     2 ||    18
  Dodge: Dodged            |    87 |    41 ||   128

Table legend: (Time is in decaauts)
 A = Elapsed time spent in this place.
 B = Non-inter-level travel time spent in this place.
 C = Inter-level travel time spent in this place.
 D = Time resting spent in this place.
 E = Time spent auto-exploring this place.
 F = Levels seen in this place.
 G = Mean time per level.
                   A        B        C        D        E       F      G
               +--------+--------+--------+--------+--------+-----+--------+
         Total |   1449 |   1350 |     99 |     21 |    276 |   3 |  483.0 |
       Dungeon |   1449 |   1350 |     99 |     21 |    276 |   3 |  483.0 |
               +--------+--------+--------+--------+--------+-----+--------+

Top non-repeatable levels by time:
     D:1: 839 daAuts
     D:2: 608 daAuts
     D:3: 1 daAuts
